 Dungeon Crawl Stone Soup version 0.23-a0-536-g5e0f5a2 (webtiles) character file.

107 emperorscorpion the Chiller (level 4, -1/31 HPs)
             Began as a Vampire Ice Elementalist on Dec 7, 2018.
             Slain by a goblin (6 damage)
             ... led by Robin
             ... on level 3 of the Dungeon.
             The game lasted 00:03:26 (2544 turns).

emperorscorpion the Chiller (VpIE)                  Turns: 2544, Time: 00:03:26

Health: -1/31      AC:  2    Str:  7    XL:     4   Next: 56%
Magic:  8/8        EV: 13    Int: 18    God:
Gold:   125        SH:  0    Dex: 14    Spells: 8/9 levels left

rFire    . . .     SeeInvis +   a - +1 hand axe (freeze)
rCold    . . .     Gourm    .   (no shield)
rNeg     + . .     Faith    .   g - +0 robe
rPois    .         Spirit   .   (no helmet)
rElec    .         Reflect  .   (no cloak)
rCorr    .         Harm     .   (no gloves)
MR       .....                  (no boots)
Stlth    ++........             (no amulet)
HPRegen  0.10/turn              (no ring)
MPRegen  0.11/turn              (no ring)

@: no status effects
A: fangs 3, see invisible, unbreathing
a: Bat Form


You were on level 3 of the Dungeon.
You were not thirsty.

You visited 1 branch of the dungeon, and saw 3 of its levels.

You collected 125 gold pieces.

Inventory:

Hand Weapons
 a - a +1 hand axe of freezing (weapon)
 h - a +0 hunting sling
Armour
 g - a +0 robe (worn)
 j - a +0 ring mail
Scrolls
 i - a scroll of remove curse {unknown}
 o - a scroll of fog {unknown}
Potions
 b - a potion of ambrosia {unknown}
 c - 11 potions of blood
 d - 2 potions of flight {unknown}
 e - a potion of might {unknown}
 f - 2 potions of agility {unknown}
 k - a potion of resistance {unknown}
 l - 2 potions of curing {unknown}
 m - 2 potions of heal wounds {unknown}
 n - a potion of mutation {unknown}
 p - a potion of degeneration {unknown}
 q - a potion of haste {unknown}


   Skills:
 + Level 0.5 Fighting
 + Level 1.3 Axes
 + Level 2.4 Dodging
 + Level 3.4 Stealth
 + Level 3.1 Spellcasting
   Level 0.6 Conjurations
 + Level 3.7 Ice Magic


You had 8 spell levels left.
You knew the following spells:

 Your Spells              Type           Power        Failure   Level  Hunger
a - Freeze                Ice            ###.         3%          1    None

Your spell library contained the following spells:

 Spells                   Type           Power        Failure   Level  Hunger
 Throw Frost              Conj/Ice       ##....       10%         2    ##.....
 Ozocubu's Armour         Chrm/Ice       #.......     22%         3    ###....
 Throw Icicle             Conj/Ice       ##......     54%         4    ####...
 Summon Ice Beast         Ice/Summ       #.......     58%         4    ####...


Dungeon Overview and Level Annotations

Branches:
Dungeon (3/15)

Altars:
Sif Muna
The Shining One

Annotations:
D:3 Robin


Innate Abilities, Weirdness & Mutations

You have razor-sharp teeth.
You have supernaturally acute eyesight. (SInv)
You can survive without breathing.


Message History

You barely miss the goblin. You closely miss the goblin.
You completely miss the goblin. You hit the goblin. You freeze the goblin.
You kill the goblin!
You hit the orc. You freeze the orc.
You kill the orc!
You barely miss the adder. The adder bites you but does no damage.
Robin misses you. The goblin hits you.
* * * LOW HITPOINT WARNING * * *
The goblin hits you with a +0 club.
* * * LOW HITPOINT WARNING * * *
The goblin hits you.
* * * LOW HITPOINT WARNING * * *
The adder bites you.
* * * LOW HITPOINT WARNING * * *
You hit Robin. You freeze Robin.
Robin is severely wounded.
You closely miss the goblin. x2; You hit the goblin.
You freeze the goblin. You barely miss the hobgoblin. You hit the goblin.
You freeze the goblin. You closely miss the adder. Robin misses you.
The goblin hits you.
You die...

..##...# ##>##......#
..##..## ###.(.......#
..##..# ##...#.......#
......###.....(#..####
.#....##.......)..#
.....###..........#
..................#####
......).......)Sg.....#
...............g@g....#
............[..ggg....#
......................#
......................#
......................#
....... ..............#
..... ...........####
..... ...........


You could see Robin, an adder, a hobgoblin and 4 goblins.

Vanquished Creatures
  3 adders (D:2)
  2 worms
  A dart slug (D:2)
  2 leopard geckos
  5 orcs (D:3)
  A ball python (D:3)
  3 giant cockroaches (D:1)
  11 goblins
  10 hobgoblins
  6 bats
  3 frilled lizards (D:1)
  8 kobolds
  7 rats
62 creatures vanquished.

Notes
Turn   | Place    | Note
-------+----------+-------------------------------------------
     0 | D:1      | emperorscorpion the Vampire Ice Elementalist began the
                  | quest for the Orb.
     0 | D:1      | Reached XP level 1. HP: 13/13 MP: 3/3
   354 | D:1      | Reached XP level 2. HP: 19/19 MP: 3/5
  1019 | D:2      | Reached XP level 3. HP: 20/24 MP: 1/7
  1894 | D:2      | Found a glowing golden altar of the Shining One.
  1895 | D:2      | Found a deep blue altar of Sif Muna.
  1929 | D:2      | Reached XP level 4. HP: 13/30 MP: 8/8
  2264 | D:3      | Reached skill level 1 in Axes
  2533 | D:3      | Noticed Robin
  2544 | D:3      | Slain by a goblin

Vault maps used:
D:1:      scummos_arrival_simple_fountains
D:2:      gammafunk_temple_overflow_statue, first_ration,
          minmay_fractal_squares_5
D:3:      tgw_fedhas, uniq_robin

Skill      XL: |  1  2  3  4 |
---------------+-------------+-----
Spellcasting   | 3 |  3.1
Axes           | 1 |  1.3
Fighting       | |  0.5
Dodging        | |  2.4
Stealth        | |  3.4
Conjurations   | |  0.6
Ice Magic      | |  3.7

Action                   |  1- 3 |  4- 6 || total
-------------------------+-------+-------++-------
Melee: Unarmed           |    10 |       ||    10
       Bite              |     3 |     5 ||     8
       Hand axe          |    28 |    49 ||    77
 Cast: Freeze            |    46 |     3 ||    49
  Use: Potion            |       |     5 ||     5
 Stab: Sleeping          |     1 |     1 ||     2
Armor: Robe              |    11 |    14 ||    25
Dodge: Dodged            |    54 |    57 ||   111

Table legend:
 A = Non-vault XP
 B = Vault XP
 C = Vault XP percentage of total XP
 D = Non-vault monster count
 E = Vault monster count
 F = Vault count percentage of total count
                 A         B        C        D         E       F
            +---------+---------+-------+---------+---------+-------
      Total |     136 |      17 |  11.1 |      54 |       8 |  12.9
            +---------+---------+-------+---------+---------+-------
        D:1 |      25 |       0 |   0.0 |      15 |       0 |   0.0
        D:2 |      75 |       4 |   5.1 |      22 |       1 |   4.3
        D:3 |      36 |      13 |  26.5 |      17 |       7 |  29.2
            +---------+---------+-------+---------+---------+-------
